Map: 엔디온 잔해

Players

llllllllll

  • Race: Terran Terran
  • League: Master

llllllllllll (Scarlett) - Winner!

  • Race: Zerg Zerg
  • League: Grandmaster

VOD

Have the link to the VOD?

Description

Time

  • Played on: April 10, 2016, 2:59 a.m.
  • Length: 13:03
Show
View Real Time Build Order
Export as new Build Order

llllllllll Terran 

Build Orders: MMM Bio 

Get SALT Encoding   

  12  0:00  SCV  
  13  0:12  SCV  
  14  0:20  Supply Depot  
  14  0:24  SCV  
  15  0:41  SCV  
  15  0:42  Barracks  
  16  0:45  Refinery  
  16  0:53  SCV  
  17  1:00  Barracks  
  17  1:05  SCV  
  18  1:17  SCV  
  19  1:25  Barracks  
  19  1:28  Reaper  
  19  1:30  SCV  
  21  1:35  Supply Depot  
  21  1:42  SCV  
  22  1:47  Reaper  
  22  1:53  Refinery  
  23  1:59  Orbital Command  
  23  2:04  Reaper  
  24  2:14  Supply Depot  
  24  2:20  Reaper  
  25  2:26  SCV  
  25  2:29  Reaper  
  27  2:38  SCV, Reaper  
  29  2:50  SCV  
  30  2:52  Reaper  
  31  3:00  Command Center  
  31  3:01  Reaper  
  32  3:10  Reaper  
  32  3:12  SCV  
  34  3:24  Reaper  
  35  3:28  Barracks  
  35  3:29  Barracks  
  35  3:31  SCV  
  36  3:35  Reaper  
  37  3:42  Supply Depot  
  37  3:44  Refinery  
  37  3:49  Reaper  
  37  3:53  SCV  
  39  3:57  Refinery  
  39  4:04  Reaper  
  39  4:05  Supply Depot, SCV  
  41  4:11  Reaper  
  41  4:15  Orbital Command  
  42  4:18  SCV  
  42  4:23  Reaper  
  44  4:27  Reaper  
  44  4:29  Reaper  
  44  4:30  SCV  
  47  4:42  SCV x2  
  49  5:01  SCV  
  49  5:03  SCV  
  49  5:04  Barracks Tech Lab x2  
  49  5:05  Barracks Reactor  
  47  5:08  Factory  
  47  5:13  SCV, Barracks Tech Lab x2  
  48  5:15  SCV  
  49  5:25  SCV  
  49  5:26  Marauder  
  49  5:27  SCV  
  53  5:31  Marauder  
  54  5:36  Stimpack  
  54  5:37  SCV  
  54  5:41  SCV  
  56  5:44  Marine x2  
  56  5:49  SCV  
  59  5:53  SCV  
  62  5:58  Barracks Reactor  
  62  6:01  Combat Shields, Starport, SCV  
  61  6:05  SCV  
  61  6:08  Marine x2  
  64  6:13  Marauder, SCV  
  64  6:17  Marauder  
  69  6:20  Marine  
  70  6:28  Supply Depot  
  70  6:31  Marine  
  70  6:47  Marine  
  70  6:49  Marine x2, SCV  
  70  6:50  Marauder x2, Marine  
  70  6:53  SCV  
  78  6:56  Factory Tech Lab, Starport Reactor  
  78  6:59  Engineering Bay  
  78  7:06  Supply Depot  
  78  7:07  Supply Depot  
  78  7:12  Concussive Shells  
  78  7:15  Supply Depot  
  78  7:27  Marine x6  
  78  7:28  Marauder, Terran Infantry Weapons Level 1  
  78  7:29  Siege Tank  
  89  7:32  Medivac x2  
  89  7:35  SCV  
  94  7:40  SCV  
  94  7:45  Marine x5  
  94  7:47  SCV  
  94  7:48  Marine  
  94  7:49  Marauder  
  99  8:01  Siege Tank  
  102  8:17  Supply Depot x2  
  102  8:25  Command Center  
  102  8:34  Marine  
  102  8:38  Marine x5, Medivac x2, Marauder, Siege Tank  
  116  8:52  Marauder  
  115  8:56  Marine x3  
  115  9:01  Supply Depot  
  118  9:02  Marine  
  118  9:03  Marauder x2  
  118  9:05  Armory  
  118  9:08  Medivac, Engineering Bay  
  125  9:13  Marine  
  126  9:22  Marine x2  
  126  9:23  Medivac, Marauder  
  130  9:24  Marauder  
  130  9:26  Marine x2  
  130  9:28  Terran Infantry Armor Level 1  
  119  9:31  Siege Tank  
  82  9:38  Medivac  
  122  9:41  Marine x2  
  122  9:42  Marine  
  122  9:44  Marauder x2  
  131  9:48  Marine x2  
  133  9:54  Starport, Fusion Core  
  133  9:55  Medivac  
  133  9:59  Marine  
  136  10:02  Marine x2  
  136  10:06  Marauder x2, Marine  
  142  10:14  Orbital Command  
  142  10:20  Marine x2  
  142  10:21  Marine, Marauder  
  145  10:30  SCV x2  
  145  10:34  Terran Infantry Weapons Level 2  
  147  10:42  SCV  
  142  10:46  Marine x3  
  145  10:55  Marine x3  
  145  10:56  Marauder  
  148  10:59  Siege Tank  
  149  11:14  Supply Depot  
  149  11:16  Supply Depot  
  149  11:17  Marine  
  149  11:19  Marine  
  149  11:21  Marauder  
  144  11:27  Marine  
  144  11:29  Marine  
  144  11:32  Advanced Ballistics  
  141  11:39  Sensor Tower  
  141  11:41  Sensor Tower  
  141  11:46  Viking  
  136  11:47  Viking x2  
  136  11:52  Marine  
  136  11:53  Marine x2, Marauder  
  130  12:12  Marine x3  
  129  12:16  Viking  
  129  12:17  Viking  
Show
View Real Time Build Order
Export as new Build Order

llllllllllll Zerg - Winner!

Build Orders: Pool First 

Get SALT Encoding   

  12  0:00  Drone  
  13  0:10  Drone  
  14  0:17  Overlord  
  14  0:24  Extractor, Drone  
  15  0:35  Drone  
  15  0:36  Drone  
  15  0:41  Extractor  
  16  0:45  Drone  
  17  0:50  Spawning Pool  
  17  0:54  Drone  
  17  1:05  Drone  
  18  1:19  Hatchery  
  18  1:23  Drone  
  18  1:29  Drone  
  19  1:38  Queen  
  21  1:41  Zergling x2  
  22  1:58  Roach Warren  
  21  2:05  Overlord  
  21  2:08  Drone  
  22  2:17  Spore Crawler  
  22  2:18  Queen, Extractor  
  24  2:28  Overlord  
  24  2:31  Queen  
  26  2:40  Roach  
  26  2:41  Roach  
  30  2:44  Roach  
  34  2:54  Roach  
  34  2:59  Roach x2  
  38  3:17  Ravager x2, Drone  
  38  3:18  Drone x3  
  44  3:26  Overlord  
  43  3:28  Overlord  
  43  3:46  Ravager  
  43  3:47  Drone x4  
  49  3:48  Drone  
  49  3:52  Ravager  
  49  3:54  Drone  
  51  4:04  Drone x2  
  53  4:12  Drone  
  53  4:13  Drone x3  
  53  4:14  Overlord, Drone  
  58  4:18  Drone x2  
  60  4:27  Overlord x2  
  60  4:31  Extractor x2, Lair  
  58  4:35  Extractor  
  57  4:49  Drone x9  
  66  5:06  Overlord  
  66  5:07  Overlord  
  66  5:09  Queen  
  66  5:10  Overlord  
  66  5:12  Evolution Chamber x2, Ravager  
  67  5:22  Drone x5  
  72  5:33  Roach x2  
  76  5:38  Zerg Ground Armor Level 1, Zerg Missile Weapons Level 1  
  76  5:44  Glial Reconstitution  
  76  5:45  Queen, Drone  
  76  5:46  Drone  
  76  5:47  Drone  
  76  5:48  Drone  
  82  5:54  Roach x2  
  86  6:01  Drone x2  
  86  6:02  Infestation Pit  
  87  6:11  Queen  
  87  6:12  Drone x2  
  87  6:14  Roach  
  93  6:19  Overseer  
  93  6:20  Queen  
  93  6:22  Roach x3  
  101  6:35  Roach x3  
  101  6:37  Overlord x2  
  102  6:58  Pathogen Glands  
  102  7:03  Hatchery, Spore Crawler  
  102  7:04  Spore Crawler  
  102  7:06  Roach x7  
  113  7:10  Overlord  
  113  7:11  Overlord  
  113  7:17  Overlord  
  113  7:18  Overlord  
  113  7:34  Zerg Ground Armor Level 2, Zerg Missile Weapons Level 2  
  113  7:37  Drone x3  
  113  7:38  Drone x4  
  118  7:50  Drone  
  118  7:51  Drone x4  
  123  7:57  Extractor  
  123  7:58  Extractor, Infestor x2  
  125  8:06  Drone x2  
  125  8:07  Drone x3  
  125  8:10  Hive  
  130  8:16  Drone  
  130  8:17  Drone x3  
  134  8:27  Spire  
  134  8:28  Roach x3  
  139  8:37  Overseer  
  139  8:44  Spine Crawler  
  139  8:45  Spore Crawler  
  139  8:48  Infestor  
  135  9:00  Hatchery  
  135  9:02  Drone  
  135  9:03  Spine Crawler, Drone x2  
  135  9:04  Spore Crawler  
  135  9:05  Drone x4  
  135  9:08  Spine Crawler  
  138  9:15  Overlord  
  138  9:16  Overlord x2  
  138  9:27  Ravager x2  
  138  9:39  Extractor  
  138  9:42  Extractor  
  138  9:43  Greater Spire  
  138  9:44  Corruptor  
  138  9:45  Corruptor x5  
  142  9:49  Drone  
  142  9:50  Zerg Melee Weapons Level 1  
  150  9:52  Drone  
  150  9:53  Drone  
  150  9:55  Drone x3  
  154  10:00  Overlord  
  154  10:01  Overlord  
  154  10:10  Overlord x2  
  154  10:27  Corruptor x2  
  156  10:53  Spine Crawler, Drone x3  
  156  10:54  Spine Crawler x2  
  156  10:57  Spine Crawler, Brood Lord x4  
  156  10:58  Brood Lord  
  156  11:01  Zergling x2  
  156  11:02  Overlord  
  166  11:09  Spore Crawler  
  165  11:21  Brood Lord x2  
  165  11:22  Brood Lord  
  168  11:30  Drone x4  
  172  11:33  Metabolic Boost  
  172  11:44  Roach x7  
  186  11:52  Ravager  
  186  11:53  Ravager x5  
  190  12:09  Roach x2  
  190  12:10  Roach x3  
Tags
 
Add a new tag
Caveats
  • Supply blocks, unpowered buildings, or Contaminate may cause inaccurate times.
  • Supply counts are checked every 10 seconds.